 Dungeon Crawl Stone Soup version 0.24-a0-92-g7d8ec57 (console) character file.

Game seed: 10916546894319403191

441 Duffy the Stinger (level 7, -8/58 HPs)
             Began as a Naga Wizard on Feb 9, 2019.
             Mangled by an ice beast (12 damage)
             ... on level 6 of the Dungeon.
             The game lasted 00:04:09 (2779 turns).

Duffy the Stinger (Naga Wizard)                     Turns: 2779, Time: 00:04:09

Health: -8/58      AC:  3    Str: 10    XL:     7   Next: 2%
Magic:  0/11       EV: 10    Int: 20    God:
Gold:   62         SH:  0    Dex:  9    Spells: 3/12 levels left

rFire    . . .     SeeInvis +   c - +0 flail (crush)
rCold    . . .     Gourm    .   (no shield)
rNeg     . . .     Faith    .   a - +0 robe
rPois    +         Spirit   .   b - +0 hat
rElec    .         Reflect  .   (no cloak)
rCorr    .         Harm     .   (no gloves)
MR       .....                  (no barding)
Stlth    ++........             i - amulet of magic regeneration
HPRegen  0.19/turn              (no ring)
MPRegen  0.12/turn              (no ring)

@: studying Translocations, very slow
A: large, see invisible, deformed body, poison resistance, slowness 2, slow
metabolism 1, spit poison 1, AC +2
a: Spit Poison


You were on level 6 of the Dungeon.
You were not hungry.

You visited 1 branch of the dungeon, and saw 6 of its levels.

You collected 62 gold pieces.

Inventory:

Hand Weapons
 c - a +0 flail of crushing (weapon)
Armour
 a - a +0 robe (worn)
 b - a +0 hat (worn)
Jewellery
 i - an amulet of magic regeneration (around neck)
Books
 e - a manual of Translocations
Comestibles
 d - a ration
 f - 2 chunks of flesh


   Skills:
 + Level 1.9 Fighting
 - Level 1.5 Dodging
 - Level 3.0 Stealth
 - Level 3.0 Spellcasting
 - Level 3.1 Conjurations
   Level 1.0 Summonings
 - Level 3.0 Translocations
 - Level 3.1 Fire Magic
 - Level 3.0 Air Magic
 - Level 3.2 Poison Magic


You had 3 spell levels left.
You knew the following spells:

 Your Spells              Type           Power        Failure   Level  Hunger
h - Magic Dart            Conj           ###.         4%          1    None
l - Conjure Flame         Conj/Fire      ###.....     12%         3    ###....
o - Mephitic Cloud        Conj/Pois/Air  ###.....     12%         3    ###....
B - Blink                 Tloc           N/A          6%          2    ##.....

Your spell library contained the following spells:

 Spells                   Type           Power        Failure   Level  Hunger
 Call Imp                 Summ           #.......     14%         2    ##.....
 Slow                     Hex            #.......     22%         2    ##.....


Dungeon Overview and Level Annotations

Branches:
Dungeon (6/15)
 Temple: D:4-7

Altars:

Annotations:
D:5 exclusions: sky beast, water moccasin and zombie


Innate Abilities, Weirdness & Mutations

You cannot wear boots.
Your serpentine skin is tough. (AC +2)
You have supernaturally acute eyesight. (SInv)
Armour fits poorly on your strangely shaped body.
Your system is resistant to poisons. (rPois)
You cover ground very slowly.
You have a slow metabolism.
You can spit poison.


Message History

The ice beast hits you. The ice beast freezes you!
The ice beast hits you but does no damage.
You aren't carrying any potions.
Unknown command.
You aren't carrying any scrolls.
Unknown command.
Cast which spell? (? or * to list)
You blink.
The ice beast hits you but does no damage.
Cast which spell? (? or * to list)
You blink.
Found 9 arrows.
The ice beast hits you. The ice beast freezes you! The ice beast hits you.
The ice beast freezes you!
A sky beast comes into view.
Cast which spell? (? or * to list)
You blink.
The ice beast closely misses you. The ice beast hits you.
The ice beast freezes you. The ice beast hits you. The ice beast freezes you!
You die...

.## ..# # #.# .#
#####.###.# .
#.........#...
#......(......
#.....0...#
####.Y##.Y# #.@.#
.# ##.#.# #
#..#.# #.##.#
#.#..# ##.#..#
#######..#...
##.....#.##.###
##...............


You could see an ice beast.

Vanquished Creatures
  An ogre (D:4)
  A centaur (D:4)
  A bullfrog (D:6)
  A scorpion (D:5)
  A hound (D:5)
  A worker ant (D:4)
  2 iguanas
  A hound skeleton (D:3)
  A worker ant zombie (D:5)
  2 oozes
  An adder zombie (D:6)
  A dart slug (D:1)
  A leopard gecko (D:4)
  5 orcs
  2 goblins
  A hobgoblin (D:3)
  A quokka (D:4)
  A bat (D:1)
  A frilled lizard (D:5)
  A leopard gecko skeleton (D:4)
  2 rats (D:3)
29 creatures vanquished.

Notes
Turn   | Place    | Note
-------+----------+-------------------------------------------
     0 | D:1      | Duffy the Naga Wizard began the quest for the Orb.
     0 | D:1      | Reached XP level 1. HP: 15/15 MP: 4/4
   113 | D:2      | Noticed a killer bee
   164 | D:3      | Reached XP level 2. HP: 9/22 MP: 0/6
   559 | D:3      | Reached XP level 3. HP: 16/28 MP: 4/7
   564 | D:3      | Learned a level 3 spell: Conjure Flame
   568 | D:3      | Learned a level 3 spell: Mephitic Cloud
   704 | D:4      | Noticed an ogre
   725 | D:4      | Killed an ogre
   725 | D:4      | Reached skill level 1 in Fire Magic
   725 | D:4      | Reached skill level 1 in Air Magic
   725 | D:4      | Reached XP level 4. HP: 11/36 MP: 4/8
   725 | D:4      | Reached XP level 5. HP: 13/42 MP: 4/9
  1109 | D:4      | Noticed a centaur
  1109 | D:4      | Noticed a centaur
  1123 | D:4      | HP: 1/42 [quokka (3)]
  1545 | D:4      | Killed a centaur
  1559 | D:4      | Reached XP level 6. HP: 42/49 MP: 3/10
  1622 | D:4      | Learned a level 2 spell: Blink
  1855 | D:5      | Entered Level 5 of the Dungeon
  2141 | D:5      | Noticed a sky beast
  2217 | D:5      | Noticed a water moccasin
  2732 | D:6      | Noticed an ice beast
  2740 | D:6      | Reached skill level 1 in Fighting
  2740 | D:6      | Reached XP level 7. HP: 58/58 MP: 0/11
  2779 | D:6      | Mangled by an ice beast

Levels and vault maps discovered:
D:1:      ldierk_walled_garden_2, layout_basic, serial_corexii_hall,
          chequers_hall_statues_corner_a, chequers_hall_statues_y
D:2:      layout_rooms, nicolae_overflow_crystal_walls
D:3:      layout_basic, hex_intersection
D:4:      layout_loops_ring, chequers_temple_overflow_statue_of_worship,
          old_standard_altar, first_ration, grunt_decor_one_mirror,
          minmay_manual_mares
D:5:      layout_basic
D:6:      layout_rooms, old_standard_altar, minmay_fountain_box

Skill      XL: |  1  2  3  4  5  6 |
---------------+-------------------+-----
Conjurations   | 2 3 |  3.1
Fire Magic     | 1 2 3 |  3.1
Air Magic      | 1 2 3 |  3.0
Poison Magic   | 2 3 |  3.2
Translocations | 3 |  3.0
Fighting       | 1 |  1.9
Dodging        | |  1.5
Stealth        | |  3.0
Spellcasting   | |  3.0
Summonings     | |  1.0

Action                   |  1- 3 |  4- 6 |  7- 9 || total
-------------------------+-------+-------+-------++-------
Melee: Flail             |     7 |    24 |       ||    31
 Cast: Magic Dart        |    25 |    46 |       ||    71
       Mephitic Cloud    |     1 |     5 |       ||     6
       Conjure Flame     |       |     2 |       ||     2
       Blink             |       |     1 |     3 ||     4
 Abil: Spit Poison       |     8 |     9 |       ||    17
  Use: Scroll            |       |       |     2 ||     2
 Stab: Confused          |     1 |       |       ||     1
  Eat: Chunk             |       |     5 |       ||     5
Armor: Robe              |     1 |     3 |     4 ||     8
Dodge: Dodged            |    13 |    25 |     2 ||    40

Table legend:
 A = Non-vault XP
 B = Vault XP
 C = Vault XP percentage of total XP
 D = Non-vault monster count
 E = Vault monster count
 F = Vault count percentage of total count
                 A         B        C        D         E       F
            +---------+---------+-------+---------+---------+-------
      Total |     516 |     115 |  18.2 |      28 |       1 |   3.4
            +---------+---------+-------+---------+---------+-------
        D:1 |       7 |       0 |   0.0 |       3 |       0 |   0.0
        D:3 |      35 |       0 |   0.0 |       7 |       0 |   0.0
        D:4 |     213 |     115 |  35.1 |      10 |       1 |   9.1
        D:5 |     163 |       0 |   0.0 |       6 |       0 |   0.0
        D:6 |      98 |       0 |   0.0 |       2 |       0 |   0.0
            +---------+---------+-------+---------+---------+-------
